 Dungeon Crawl Stone Soup version 0.25-b1-37-g2669288c55 (webtiles) character file.

Game seed: 17292164826062030869

5832 Jakers the Basher (level 10, -7/104 HPs)
             Began as a Troll Fighter on June 6, 2020.
             Killed from afar by a steam dragon (16 damage)
             ... with a ball of steam
             ... on level 9 of the Dungeon.
             The game lasted 00:22:32 (9929 turns).

Jakers the Basher (Troll Fighter)                   Turns: 9929, Time: 00:22:33

Health: -7/104     AC:  6    Str: 29    XL:     10   Next: 51%
Magic:  9/9        EV:  9    Int:  4    God:
Gold:   438        SH: 11    Dex:  9    Spells: 9/9 levels left

rFire    . . .     SeeInvis .   a - +0 flail
rCold    . . .     Gourm    +   c - +1 kite shield
rNeg     . . .     Faith    .   b - +0 robe
rPois    +         Spirit   .   (helmet restricted)
rElec    .         Reflect  .   z - scarf {harm}
rCorr    .         Harm     .   (gloves unavailable)
MR       .....                  (boots unavailable)
Stlth    +.........             y - amulet of magic regeneration
HPRegen  0.67/turn              k - ring of poison resistance
MPRegen  0.36/turn              (no ring)

@: no status effects
A: large, unfitting armour, claws 3, fast metabolism 3, gourmand, regeneration
1, shaggy fur 1, tough skin 3
a: no special abilities


You were on level 9 of the Dungeon.
You were very full.

You visited 1 branch of the dungeon, and saw 10 of its levels.

You collected 468 gold pieces.
You spent 30 gold pieces at shops.

Inventory:

Hand Weapons
 a - a +0 flail (weapon)
Missiles
 n - 15 javelins (quivered)
Armour
 b - a +0 robe (worn)
 c - a +1 kite shield (worn)
 z - a scarf of harm (worn)
Magical Staves
 p - an uncursed staff of wizardry {unknown}
Jewellery
 d - an uncursed ring of flight {unknown}
 k - a ring of poison resistance (left claw)
 u - an uncursed ring of resist corrosion
 y - an amulet of magic regeneration (around neck)
Wands
 g - a wand of polymorph (6)
 x - a wand of random effects (40)
Scrolls
 e - 2 scrolls of fear
 j - 2 scrolls of fog
 o - a scroll of enchant weapon {unknown}
 q - 9 scrolls of remove curse {unknown}
 r - 6 scrolls of teleportation
 s - 3 scrolls of amnesia {unknown}
 t - 6 scrolls of identify
 v - a scroll of enchant armour
 w - a scroll of magic mapping {unknown}
 A - 2 scrolls of blinking {unknown}
Potions
 h - a potion of magic
 l - 2 potions of flight
 m - a potion of stabbing
Comestibles
 f - 9 rations


   Skills:
 + Level 7.8 Fighting
 - Level 10.2 Maces & Flails
 - Level 2.4 Dodging
 - Level 6.6 Shields


You had 9 spell levels left.
You didn't know any spells.
Your spell library was empty.

Dungeon Overview and Level Annotations

Branches:
Dungeon (10/15)            Temple (0/1) D:6
   Lair: D:8-11         Orc: D:9-12

Altars:
Ashenzari
Cheibriados
Fedhas
Trog
Uskayaw
Yredelemnul
Zin

Shops:
D:5 *   D:6 (

Annotations:
D:8 Psyche


Innate Abilities, Weirdness & Mutations

You are too large for most types of armour.
You have claws for hands.
Your metabolism is lightning-fast.
You like to eat raw meat.
Your natural rate of healing is unusually fast.
You are covered in fur. (AC +1)
You have extremely tough skin. (AC +3)


Message History

You destroy the hound skeleton!
Okay, then.
You closely miss the orc. You block the orc's attack.
You thump the orc!
You kill the orc!
The orc priest calls down the wrath of Beogh upon you.
Beogh smites you!
* * * LOW HITPOINT WARNING * * *
Unknown command.
A steam dragon comes into view.
The orc priest casts a cantrip, but nothing happens.
The steam dragon breathes steam at you. The ball of steam hits you.
* * * LOW HITPOINT WARNING * * *
The orc priest invokes the aid of Beogh against you.
Beogh smites you!
* * * LOW HITPOINT WARNING * * *
The steam dragon breathes steam at you. The ball of steam hits you!
You die...

..# ##.#.####..(......###. .##
#.#(..()...#.......# ..#
#.######...##......# .## ##'##
#(..##......### ..## ##...##
#....#.....##.### .#.# ##.....##
#.........##....# .#.#
##.......###.)(...#####.....
...###.........##.§§D#.##........
.....'.........'@§...###....o.y.
...###.........##o..## #...).#
.#.# ##.......###§..# ####..###}.
##.# ##.....## #..####......(...
#.# ##...## ##.o..y..........
...# ##'## ######.#.###.... ###
#.# #########...# #### #.#
#.........### ##.## #.##.###.##


You could see a steam dragon (catching breath), an orc priest and an orc.

Vanquished Creatures
  A two-headed ogre (D:9)
  Pikel (D:7)
  Prince Ribbit (D:6)
  A hippogriff (D:9)
  Sigmund (D:3)
  3 yaks
  2 water moccasins
  Duvessa (D:6)
  A sky beast (D:10)
  3 orc warriors
  A phantom (D:9)
  2 black bears
  An ogre (D:10)
  A centaur (D:9)
  3 big kobolds
  4 bullfrogs
  Dowan (D:6)
  2 scorpions
  9 killer bees (D:9)
  2 crimson imps
  4 jellies
  4 centaur zombies
  5 orc priests
  4 hounds
  3 bullfrog skeletons
  Terence (D:2)
  Jessica (D:3)
  3 iguanas
  A centaur skeleton (D:4)
  15 orc wizards
  A worker ant (D:5)
  A killer bee zombie (D:7)
  A hound zombie (D:10)
  2 hound skeletons
  A mummy (D:4)
  Robin (D:3)
  A howler monkey skeleton (D:5)
  A worker ant zombie (D:6)
  4 gnolls (D:2)
  8 adders
  2 shadow imps
  An adder zombie (D:9)
  An ooze (D:2)
  5 worms
  3 dart slugs
  4 leopard geckos
  31 orcs
  7 giant cockroaches
  14 goblins
  12 hobgoblins
  7 jackals
  20 kobolds
  2 quokkas
  A ball python (D:2)
  7 bats
  4 frilled lizards
  2 jackal skeletons (D:5)
  A jackal zombie (D:3)
  2 quokka skeletons
  A quokka zombie (D:10)
  9 rats
239 creatures vanquished.

Vanquished Creatures (others)
  A slave (D:8)
  2 orc wizards (D:9)
3 creatures vanquished.

Grand Total: 242 creatures vanquished

Notes
Turn   | Place    | Note
-------+----------+-------------------------------------------
     0 | D:1      | Jakers the Troll Fighter began the quest for the Orb.
     0 | D:1      | Reached XP level 1. HP: 22/22 MP: 0/0
    41 | D:1      | Reached skill level 2 in Maces & Flails
    76 | D:1      | Reached XP level 2. HP: 29/29 MP: 1/1
   309 | D:1      | Reached skill level 3 in Maces & Flails
   390 | D:1      | Reached XP level 3. HP: 36/36 MP: 2/2
   859 | D:2      | Noticed Terence
   880 | D:2      | Killed Terence
   880 | D:2      | Reached skill level 4 in Maces & Flails
   880 | D:2      | Reached XP level 4. HP: 39/44 MP: 3/3
  1427 | D:2      | Reached XP level 5. HP: 23/50 MP: 4/4
  1433 | D:2      | HP: 2/50 [gnoll/+0 spear (10)]
  1719 | D:2      | Reached skill level 5 in Maces & Flails
  1964 | D:2      | Found a shattered altar of Ashenzari.
  2014 | D:3      | Found a blossoming altar of Fedhas.
  2017 | D:3      | Noticed Robin
  2103 | D:3      | Noticed Jessica
  2113 | D:3      | Killed Jessica
  2248 | D:3      | Killed Robin
  2681 | D:3      | Noticed Sigmund
  2688 | D:3      | Killed Sigmund
  2688 | D:3      | Reached skill level 6 in Maces & Flails
  2688 | D:3      | Reached XP level 6. HP: 53/59 MP: 5/5
  3180 | D:4      | Found a hide-covered altar of Uskayaw.
  3180 | D:4      | Found a basalt altar of Yredelemnul.
  3209 | D:4      | Reached XP level 7. HP: 66/67 MP: 6/6
  3348 | D:4      | Found a snail-covered altar of Cheibriados.
  3433 | D:5      | Entered Level 5 of the Dungeon
  3452 | D:5      | Got an ancient chain mail
  3903 | D:5      | Found Teidoomyis's Tempting Trifles.
  3914 | D:5      | Bought a scroll of teleportation for 30 gold pieces
  4287 | D:6      | Found Vikhyudost's Antique Weapon Boutique.
  4287 | D:6      | Noticed Duvessa
  4287 | D:6      | Noticed Dowan
  4296 | D:6      | Killed Duvessa
  4305 | D:6      | Killed Dowan
  4596 | D:6      | Noticed Prince Ribbit
  4629 | D:6      | Reached XP level 8. HP: 74/78 MP: 7/7
  4787 | D:6      | Reached skill level 5 in Shields
  4976 | D:6      | Found a staircase to the Ecumenical Temple.
  5159 | D:6      | Killed Prince Ribbit
  5185 | D:6      | Found a glowing silver altar of Zin.
  5786 | D:6      | Reached skill level 7 in Maces & Flails
  6324 | D:8      | Noticed Psyche
  6538 | D:8      | Noticed a two-headed ogre
  6548 | D:9      | Noticed a hippogriff
  6564 | D:9      | Reached skill level 8 in Maces & Flails
  6564 | D:9      | Reached XP level 9. HP: 19/84 MP: 8/8
  6583 | D:8      | Noticed Pikel
  7424 | D:7      | Killed Pikel
  7424 | D:7      | Reached skill level 9 in Maces & Flails
  7604 | D:9      | Reached skill level 10 in Maces & Flails
  7641 | D:10     | Entered Level 10 of the Dungeon
  8498 | D:10     | Reached skill level 5 in Fighting
  8835 | D:10     | Reached XP level 10. HP: 66/96 MP: 9/9
  9139 | D:9      | Noticed a two-headed ogre
  9154 | D:9      | Killed a two-headed ogre
  9851 | D:9      | Found a bloodstained altar of Trog.
  9929 | D:9      | Killed from afar by a steam dragon

Illustrated notes

Levels and vault maps discovered:
D:1:      wheals_arrival_linesprint, layout_rooms, minmay_misc_feat_pillars,
          minmay_tetromino_o2
D:2:      layout_loops_corners, lemuel_coloured_pillars_altar, uniq_terence
D:3:      layout_basic, fedhas_ov_isle_minmay, uniq_sigmund, uniq_jessica,
          uniq_robin
D:4:      layout_basic, gammafunk_temple_overflow_elements, first_ration,
          chei_slow_surprise
D:5:      layout_cave_pods, nicolae_alphabet_shops
D:6:      layout_rooms, zin_statuary, minmay_temple_entry_nine_rooms,
          serial_shops, nicolae_shop_waterfront, solitary_fountain,
          uniq_prince_ribbit1, uniq_duvessa
D:7:      layout_loops_ring
D:8:      layout_rooms, uniq_psyche, uniq_pikel
D:9:      minmay_flawed_box, layout_loops_corners, minitemple, bloody_trog,
          david_nohive_1, st_stairs_9
D:10:     layout_basic, david_orc_5

Skill      XL: |  1  2  3  4  5  6  7  8  9 10 |
---------------+-------------------------------+-----
Maces & Flails | 2 3 4 6 8 10 | 10.2
Fighting       | 3 4 5 7 |  7.8
Shields        | 4 6 |  6.6
Dodging        | |  2.4

Action                   |  1- 3 |  4- 6 |  7- 9 | 10-12 || total
-------------------------+-------+-------+-------+-------++-------
Melee: Flail             |   147 |   231 |   619 |   255 ||  1252
Evoke: Wand              |       |       |     1 |       ||     1
  Use: Scroll            |       |     5 |     1 |       ||     6
       Potion            |       |       |    12 |     2 ||    14
 Stab: Sleeping          |       |     1 |       |       ||     1
  Eat: Chunk             |    14 |    22 |    46 |     9 ||    91
       Ration            |       |       |     2 |       ||     2
Armor: Robe              |    83 |    81 |   166 |    50 ||   380
       Skin              |       |       |       |    26 ||    26
Dodge: Dodged            |    84 |    81 |   226 |    59 ||   450
Block: Kite shield       |   101 |   117 |   364 |   139 ||   721
